Unix NetHack Version 3.7.0-59 Work-in-progress - last build Jun 15 2022 12:00:05 (ba19de5de9b105df43ec81f7b8aaf5e01ff60ae8,branch:master). Game began 2022-06-21 19:11:19, ended 2022-06-21 19:37:31. pescepalla, neutral male human Healer ---- --- --..| ----.-- --- |...| ---- |.....-- |.-- ---- --- |...| --- --..-- |......| |..|---- |..-- ------.--- |...|--.---...<| |......---..--G.----...| -........| --- |...||........-- --.|........G...h|.....-- .--.....| |.| |...||.......-- ----.......--?.........--- ..--....-- --.-- |...|----....| ----)....| -..........-- --......| |...--|...------...-- --....-- ---.........-----......-- |.|..||.-.....|--...-- ---..--.-- ----.G.hd............| |.|-.|-..-..-.| |....-------...--|..| |...@-----.....---- |.||.|....|...---............--- --.| ----...-- |............ |.||.....---.^.......--------- |.-- --......| |.....------ ----.||.|.---|..---.....| |..---.......| ----... |....||.|.| |...[.....-- --..........-- -.|.| |...--|.|.| ------.......| -..........- ..|-- --..| |.|.| -.......| |...............| .-- ---- |...| ........| |...---.........| .. |..-- |.--..--- --..| ---.---.--- |. ---- ------- ---- --- -- -- Pescepalla the Rhizotomist St:8 Dx:8 Co:17 In:9 Wi:16 Ch:18 Neutral Dlvl:5 $:1690 HP:0(21) Pw:5(5) AC:3 Exp:1 T:2384 Latest messages: The dwarf zombie is destroyed! It bites the gnome. The gnome is killed! You swap places with your large dog. The gnome lord wields a thonged club! The thonged club welds itself to the gnome lord's hand! The large dog bites the gnome lord. The gnome lord swings his thonged club at the large dog. The gnome lord hits the large dog. The large dog bites the gnome lord. The gnome lord is killed! You see here a cursed thonged club. The gnome shoots an arrow! The arrow misses the acid blob. An arrow misses you. The gnome shoots an arrow! The arrow hits the acid blob! The large dog picks up an arrow. The large dog is caught in a bear trap! # #ch: unknown extended command. # Talk to whom? (in what direction) The large dog whines. What do you want to zap? [gnv or ?*] In what direction? The sleep ray hits the bugbear. The sleep ray bounces! The sleep ray hits the bugbear. The sleep ray hits you! The large dog pulls free of the bear trap. The large dog bites the bugbear. The large dog bites the bugbear. The bugbear is killed! The large dog eats a bugbear corpse. The gnome shoots an arrow! An arrow misses you. The gnome shoots an arrow! An arrow misses you. The hobbit wields a runed dagger! The hobbit thrusts her runed dagger. The hobbit hits! The hobbit thrusts her runed dagger. The hobbit hits! The hobbit thrusts her runed dagger. The hobbit hits! The hobbit thrusts her runed dagger. The hobbit hits! You die... Do you want your possessions identified? [ynq] (y) Major events: Turn 1: pescepalla the neutral male human Healer entered the dungeon 742: entered the Gnomish Mines 2384: killed by a hobbit, while sleeping Inventory: Coins $ - 1690 gold pieces Weapons P - a blessed +1 dagger z - 2 +0 elven daggers a - a +0 scalpel (weapon in hand) Armor q - an uncursed +0 orcish helm (being worn) b - an uncursed +1 pair of leather gloves (being worn) Q - an uncursed +2 pair of iron shoes (being worn) T - a blessed +0 dwarvish cloak (being worn) Comestibles K - a cursed fortune cookie Scrolls p - an uncursed scroll of amnesia W - an uncursed scroll of light N - a blessed scroll of punishment Spellbooks i - a blessed spellbook of extra healing h - a blessed spellbook of healing U - an uncursed spellbook of polymorph j - a blessed spellbook of stone to flesh Potions f - an uncursed potion of extra healing d - 2 uncursed potions of healing y - an uncursed potion of see invisible Rings x - an uncursed ring of protection from shape changers Wands n - a wand of sleep (0:7) g - a wand of sleep (0:4) v - a wand of undead turning (0:5) Tools S - an uncursed brass lantern O - an uncursed lock pick w - an uncursed skeleton key c - an uncursed stethoscope Gems/Stones V - an uncursed garnet stone L - an uncursed ruby A - 2 uncursed worthless pieces of violet glass B - 2 uncursed worthless pieces of white glass Pescepalla the Healer's attributes: Background: You were a Rhizotomist, a level 1 male human Healer. You were neutral, on a mission for Hermes who was opposed by Athena (lawful) and Poseidon (chaotic). You were in the Gnomish Mines, on level 5. You entered the dungeon 2384 turns ago. You had 1 experience point, 19 more were needed to attain level 2. Basics: You had 0 out of 21 hit points. You had all 5 energy points (spell power). Your armor class was 3. Your wallet contained 1690 zorkmids. Autopickup was on for '$=?"/!%' plus thrown, with exceptions. Final Characteristics: Your strength was 8 (limit:18/100). Your dexterity was 8 (limit:18). Your constitution was 17 (limit:18). Your intelligence was 9 (limit:18). Your wisdom was 16 (limit:18). Your charisma was 18 (limit:18). Final Status: You were not hungry. You were unencumbered. You were wielding a knife. You had basic skill with knife. Final Attributes: You were fervently aligned. You were poison resistant. You were warded. You are dead. Miscellaneous: You never encountered a bones level. Total elapsed playing time was 19 minutes and 7 seconds. Vanquished creatures: a bugbear 3 gnome leaders 3 dwarves a dwarf zombie an acid blob a coyote 2 hobbits 2 giant rats a yellow mold 14 gnomes 4 geckos 12 jackals 2 foxes 5 goblins 4 grid bugs 4 lichens 5 newts 65 creatures vanquished. No species were genocided or became extinct. Voluntary challenges: You read items or engraved 2 times. You engraved Elbereth 1 time. You never genocided any monsters. You never polymorphed an object. You never changed form. You used no wishes. Achievement: You entered the Gnomish Mines. The Dungeons of Doom: levels 1 to 5 Level 1: A fountain, a grave. Level 2: Level 3: A fountain. Stairs down to The Gnomish Mines. Level 4: A fountain. Level 5: The Gnomish Mines: levels 4 to 5 Level 4: Level 5: <- You were here. Final resting place for you, killed by a hobbit, while sleeping. Game over: ---------- / \ / REST \ / IN \ / PEACE \ / \ | pescepalla | | 1690 Au | | killed by a | | hobbit | | | | | | 2022 | *| * * * | * _________)/\\_//(\/(/\)/\//\/|_)_______ Goodbye pescepalla the Healer... You died in The Gnomish Mines on dungeon level 5 with 242 points, and 1690 pieces of gold, after 2384 moves. You were level 1 with a maximum of 21 hit points when you died.